 Dungeon Crawl Stone Soup version 0.30-a0-715-gdb4ae3ece1 (webtiles) character file.

Game seed: 15873952837645250538

232769 browni3141 the Unseen (level 19, -2/181 HPs)
             Began as a Naga Summoner on Jan 25, 2023.
             Was an Initiate of Yredelemnul.
             Slain by a war gargoyle
             ... wielding a +0 flail
             ... led by a peacekeeper
              (43 damage)
             ... on level 1 of the Vaults.
             The game lasted 02:19:53 (40762 turns).

browni3141 the Unseen (Naga Summoner)              Turns: 40762, Time: 02:19:54

Health: -2/181     AC: 22    Str: 16    XL:     19   Next: 9%
Magic:  1/41       EV: 16    Int: 23    God:    Yredelemnul [......]
Gold:   1224       SH:  0    Dex: 12    Spells: 13/37 levels left

rFire   . . .      SeeInvis +    a - +9 quarterstaff of browni3141's Woe {vamp, *Noise rC++}
rCold   + + +      Faith    +    (shield currently unavailable)
rNeg    . . .      Spirit   .    z - +1 robe "Xeytej" {Drain Will++ SInv}
rPois   +          Reflect  .    n - +2 helmet
rElec   +          Harm     .    s - +2 cloak
rCorr   .          Rampage  .    v - +2 pair of gloves
Will    ++++.                    d - +1 barding
Stlth   ++++++++                 m - amulet of faith
HPRegen 0.50/turn                Q - ring "Donao" {EV+5 Str+2}
MPRegen 0.27/turn                O - ring "Gopha" {rElec rC+ MP+9 Int+3 Stlth+}

@: very slightly contaminated, studying Conjurations, very slow
A: AC +6, large, see invisible, deformed body, poison resistance, slowness 2,
spit poison 1, naga tail 2
}: 2/15 runes: decaying, gossamer
a: Spit Poison, Renounce Religion, Recall Undead Harvest


You were on level 1 of the Vaults.
You worshipped Yredelemnul.
Yredelemnul was pleased with you.
You visited 8 branches of the dungeon, and saw 33 of its levels.
You also visited: Gauntlet and Ice Cave.

You collected 3578 gold pieces.
You spent 2354 gold pieces at shops.

Inventory:

Hand Weapons
 a - the +9 quarterstaff of browni3141's Woe (weapon) {vamp, *Noise rC++}
   (You found it on level 4 of the Dungeon)

   rC:        It greatly protects you from cold.
   *Noise:    It may make noises in combat.
 b - the +9 arbalest "Glorpo" {flame, rN+ Int+5}
   (You found it on level 3 of the Lair of Beasts)

   Int:       It affects your intelligence (+5).
   rN:        It protects you from negative energy.
 T - a +2 short sword of distortion
Missiles
 k - a throwing net
 U - 8 curare-tipped darts
Armour
 d - a +1 barding (worn)
 n - a +2 helmet (worn)
 s - a +2 cloak (worn)
 v - a +2 pair of gloves (worn)
 z - the +1 robe "Xeytej" (worn) {Drain Will++ SInv}
   (You found it on level 6 of the Dungeon)

   SInv:      It lets you see invisible.
   Drain:     It drains your maximum health when unequipped.
   Will:      It greatly increases your willpower.
Jewellery
 m - an amulet of faith (around neck)
 y - a ring of resist corrosion
 O - the ring "Gopha" (right hand) {rElec rC+ MP+9 Int+3 Stlth+}
   (You found it in a Gauntlet)

   [ring of magical power]

   Int:       It affects your intelligence (+3).
   rC:        It protects you from cold.
   rElec:     It insulates you from electricity.
   MP:        It affects your magic capacity (+9).
   Stlth:     It makes you more stealthy.
 P - a ring of flight
 Q - the ring "Donao" (left hand) {EV+5 Str+2}
   (You found it on level 1 of the Lair of Beasts)

   [ring of evasion]

   EV:        It affects your evasion (+5).
   Str:       It affects your strength (+2).
 S - a ring of wizardry
Wands
 l - a wand of flame (64)
 p - a wand of paralysis (29)
 t - a wand of iceblast (32)
 F - a wand of digging (5)
 R - a wand of mindburst (17)
Scrolls
 c - 4 scrolls of amnesia
 e - 17 scrolls of teleportation
 g - 7 scrolls of fear
 o - 2 scrolls of magic mapping
 w - 3 scrolls of immolation
 x - 6 scrolls of enchant weapon
 A - 9 scrolls of blinking
 C - 2 scrolls of butterflies
 E - a scroll of torment
 G - 2 scrolls of poison
 I - 5 scrolls of fog
 K - 2 scrolls of vulnerability
 M - a scroll of silence
 Z - 2 scrolls of brand weapon
Potions
 f - 6 potions of might
 h - 2 potions of mutation
 i - 20 potions of curing
 j - 9 potions of brilliance
 q - 3 potions of berserk rage
 r - 2 potions of cancellation
 u - 9 potions of attraction
 B - 6 potions of haste
 H - 5 potions of heal wounds
 J - 7 potions of flight
 L - 4 potions of lignification
 V - 5 potions of magic
 W - 12 potions of ambrosia
 X - 2 potions of invisibility
 Y - 3 potions of resistance
Miscellaneous
 D - a phantom mirror
 N - a lightning rod (4/4)


   Skills:
 + Level 13.8 Fighting
 - Level 14.0 Staves
 + Level 10.3 Dodging
 + Level 18.2 Stealth
 + Level 9.8 Spellcasting
 * Level 16.2 Summonings
 - Level 3.0 Air Magic
 + Level 14.0 Invocations
 - Level 5.0 Evocations


You had 13 spell levels left.
You knew the following spells:

 Your Spells              Type           Power      Damage    Failure   Level
a - Summon Small Mammal   Summ           100%       N/A       0%          1
b - Call Imp              Summ           72%        N/A       0%          2
c - Call Canine Familiar  Summ           72%        N/A       1%          3
d - Summon Guardian Gole  Hex/Summ       48%        N/A       1%          3
e - Summon Lightning Spi  Summ/Air       53%        N/A       1%          4
f - Swiftness             Air            25%        N/A       4%          3
g - Summon Horrible Thin  Summ           36%        N/A       43%         8

Your spell library contained the following spells:

 Spells                   Type           Power      Damage    Failure   Level
 Animate Armour           Summ/Erth      96%        N/A       1%          4
 Apportation              Tloc           22%        N/A       6%          1
 Foxfire                  Conj/Fire      44%        2x1d6     6%          1
 Kiss of Death            Conj/Necr      44%        2d8       6%          1
 Necrotise                Necr           44%        1d6       6%          1
 Blink                    Tloc           22%        N/A       9%          2
 Ensorcelled Hibernation  Hex/Ice        22%        N/A       9%          2
 Lesser Beckoning         Tloc           22%        N/A       9%          2
 Momentum Strike          Conj/Tloc      22%        3d8       9%          2
 Passwall                 Tmut/Erth      9%         N/A       9%          2
 Sublimation of Blood     Necr           11%        N/A       9%          2
 Vhi's Electric Charge    Tloc/Air       36%        N/A       10%         3
 Gell's Gravitas          Tloc           11%        N/A       17%         3
 Ozocubu's Armour         Ice            11%        N/A       17%         3
 Teleport Other           Tloc           11%        N/A       17%         3
 Anguish                  Hex/Necr       5%         N/A       50%         4
 Ice Form                 Ice/Tmut       11%        N/A       50%         4
 Manifold Assault         Tloc           11%        N/A       50%         4
 Petrify                  Tmut/Erth      11%        N/A       50%         4
 Arcjolt                  Conj/Air       9%         1d19      65%         5
 Alistair's Intoxication  Tmut/Pois      7%         N/A       85%         5
 Blade Hands              Tmut           5%         N/A       85%         5
 Borgnjor's Vile Clutch   Necr/Erth      5%         N/A       85%         5
 Fireball                 Conj/Fire      5%         3d5       85%         5
 Irradiate                Conj/Tmut      5%         3d13      85%         5
 Metabolic Englaciation   Hex/Ice        5%         N/A       85%         5
 Malign Gateway           Summ/Tloc      24%        N/A       87%         7
 Dispersal                Tloc           5%         N/A       100%        6
 Eringya's Noxious Bog    Tmut/Pois      5%         N/A       100%        6
 Iron Shot                Conj/Erth      5%         9d2       100%        6
 Starburst                Conj/Fire      5%         6d4       100%        6
 Enfeeble                 Hex            5%         N/A       100%        7
 Ozocubu's Refrigeration  Ice            5%         4d8       100%        7
 Disjunction              Tloc           5%         N/A       100%        8
 Maxwell's Capacitive Co  Air            12%        ∞         100%        8
 Animate Dead             Necr           Unusable   N/A       N/A         4

Dungeon Overview and Level Annotations

Branches:
Dungeon (15/15)            Temple (1/1) D:4            Lair (5/5) D:8
  Swamp (4/4) Lair:2       Spider (4/4) Lair:2        Slime (0/5) Lair:5
    Orc (2/2) D:9             Elf (1/3) Orc:2        Vaults (1/5) D:13
 Depths (0/4) D:15          IceCv (visited)         Gauntlet (visited)

Altars:
Ashenzari
Cheibriados
Dithmenos
Elyvilon
Fedhas
Gozag
Hepliaklqana
Kikubaaqudgha
Makhleb
Nemelex Xobeh
Okawaru
Qazlal
Ru
Trog
Uskayaw
Vehumet
Wu Jian
Xom
Yredelemnul
Zin
The Shining One
Lugonu

Shops:
D:3 (!([?   D:5 (   D:6 *   D:8 (   D:12 *   Orc:2 **(![*

Portals:
Abyss: Lair:5

Annotations:
Spider:1 exclusion: 3 doors


Innate Abilities, Weirdness & Mutations

Your serpentine skin is tough. (AC +6)
You have supernaturally acute eyesight. (SInv)
Armour fits poorly on your strangely shaped body.
Your system is resistant to poisons. (rPois)
You cover ground very slowly.
You can spit poison.
You can use your snake-like lower body to constrict enemies.


Message History

You hit the war gargoyle. You grab the war gargoyle.
The war gargoyle is lightly damaged.
You constrict the war gargoyle, but do no damage.
The peacekeeper bites your tentacled monstrosity!
The peacekeeper barely misses your tentacled monstrosity.
The war gargoyle hits you with a +0 flail.
A crystal guardian comes into view.
Your tentacled monstrosity tentacle-slaps the peacekeeper but does no damage.
Your tentacled monstrosity completely misses the peacekeeper.
Your tentacled monstrosity tentacle-slaps the peacekeeper but does no damage.
Your tentacled monstrosity constricts the peacekeeper.
You hit the war gargoyle.
The war gargoyle is lightly damaged.
You constrict the war gargoyle, but do no damage.
The peacekeeper roars a battlecry!
The crystal guardian goes into a battle-frenzy!
The war gargoyle launches metal splinters at you.
The spray of metal splinters hits you but does no damage.
You sock the war gargoyle!
The war gargoyle is moderately damaged.
You constrict the war gargoyle.
Your tentacled monstrosity loses its grip on the peacekeeper.
Your tentacled monstrosity disappears in a puff of smoke!
The war gargoyle hits you with a +0 flail!!
You bludgeon the war gargoyle!!
The war gargoyle is severely damaged.
You carefully extract the barbed spikes from your body.
You constrict the war gargoyle. The peacekeeper bites you!
The peacekeeper claws you.
* * * LOW HITPOINT WARNING * * *
The war gargoyle hits you with a +0 flail!
* * * LOW HITPOINT WARNING * * *
You hit the war gargoyle but do no damage.
The war gargoyle is severely damaged.
You constrict the war gargoyle.
The peacekeeper bites you but does no damage.
The peacekeeper closely misses you.
The war gargoyle hits you with a +0 flail!!!
You die...
Your body rises from the dead as a mindless zombie.

##########
#@........
#99.......
#9.#######
#..# '..#
.#..#
.#.)# p
#..#


You could see a crystal guardian (strong), a war gargoyle (strong, catching
breath) and a peacekeeper.

Vanquished Creatures
  Donald (Orc:2)
  A vault warden (Vaults:1)
  An orc warlord (Orc:2)
  3 slime creatures
  A ghoul (Swamp:4)
  The ghost of sokol815 the Fencer, a journeyman DgFi (D:13)
  An ironbound preserver (Vaults:1)
  An eleionoma (Swamp:4)
  A minotaur (Gauntlet)
  An entropy weaver (Spider:3)
  2 shambling mangroves
  A great orb of eyes (Vaults:1)
  5 hydras
  2 centaur warriors (D:14)
  Erica (D:9)
  2 ironbound frosthearts (Vaults:1)
  A dancing weapon (D:10)
  A boulder beetle (Spider:1)
  A tengu warrior (D:15)
  2 orc high priests (Orc:2)
  2 alligators
  Urug (D:10)
  A thrashing horror (Lair:5)
  Amaemon (D:8)
  4 skeletal warriors (D:15)
  3 pharaoh ants
  5 deep trolls (Vaults:1)
  A spriggan rider (Swamp:3)
  3 swamp dragons (Swamp:4)
  2 spriggan druids
  3 orc knights
  An orb spider (Spider:1)
  An obsidian statue (Gauntlet)
  2 bog bodies
  2 wolf spider zombies (D:15)
  A deep elf archer (D:13)
  2 harpies (Vaults:1)
  2 deep elf pyromancers
  2 lindwurms (Vaults:1)
  An ugly thing (D:13)
  15 wolf spiders
  2 elephants (Lair:4)
  A cyclops (D:13)
  A moth of wrath (Spider:3)
  2 black mambas
  2 centaur zombies (D:15)
  A vault sentinel (Vaults:1)
  2 torpor snails
  2 smoke demons
  2 ice statues
  An orange demon (D:8)
  10 cane toads
  2 demonic crawlers
  An efreet (D:14)
  An ancient zyme (Lair:5)
  A freezing wraith (D:15)
  5 komodo dragons
  10 ice devils (IceCv)
  7 rime drakes
  A kobold demonologist (D:11)
  An anaconda simulacrum (IceCv)
  A red devil (Gauntlet)
  2 tengu conjurers
  A polar bear (shapeshifter) (Gauntlet)
  A meliai (D:14)
  6 hornets
  4 tyrant leeches
  A queen bee (D:9)
  5 tarantellas
  4 polar bears
  5 trolls
  22 blink frogs
  A raiju (shapeshifter) (Lair:5)
  A dream sheep (D:9)
  A meliai zombie (D:15)
  A jumping spider (shapeshifter) (D:15)
  3 spriggans (Swamp:1)
  6 jumping spiders
  4 culicivoras
  4 shadows
  4 vampires
  31 yaks
  3 ynoxinuls (Lair:5)
  3 dire elephant simulacra (IceCv)
  6 basilisks
  A hog (D:9)
  2 wyverns
  3 wraiths
  23 redbacks
  4 vampire mosquitoes
  A chaos spawn (Lair:5)
  Eustachio (D:4)
  A steam dragon (Lair:4)
  3 death yak simulacra (IceCv)
  Menkaure (D:7)
  2 wargs (Orc:2)
  3 harpy simulacra (IceCv)
  2 acid dragons
  3 swamp worms
  A hell hound (D:13)
  2 hydra simulacra (IceCv)
  16 water moccasins
  A large abomination (Lair:5)
  6 sky beasts
  A swamp drake (Swamp:4)
  3 black bears
  A hornet zombie (D:15)
  19 orc warriors
  3 ice beasts
  4 ogres
  5 small abominations (Lair:5)
  7 wolves
  4 centaurs
  A centaur (shapeshifter) (Gauntlet)
  2 phantoms
  4 kobold brigands
  A gnoll sergeant (D:10)
  5 bullfrogs
  4 cane toad simulacra (IceCv)
  A two-headed ogre simulacrum (IceCv)
  A scorpion (D:4)
  6 necrophages
  5 wights
  4 elephant simulacra (IceCv)
  22 killer bees
  2 howler monkeys
  4 crimson imps (Gauntlet)
  5 hounds
  2 jellies
  2 gnoll boudas (D:7)
  15 orc priests
  6 iguanas
  12 orc wizards
  2 spriggan simulacra (IceCv)
  A troll simulacrum (IceCv)
  A wolf simulacrum (IceCv)
  Robin (D:4)
  4 gnolls
  4 adders
  6 white imps
  2 ufetubi
  A worm (D:3)
  A dart slug (D:4)
  29 orcs
  6 ball pythons
  4 endoplasms
  2 giant cockroaches (D:4)
  7 hobgoblins
  11 kobolds
  2 quokkas (D:4)
  4 bats
  2 frilled lizards
  8 goblins
  5 rats
590 creatures vanquished.

Vanquished Creatures (collateral kills)
  Nikola (Spider:3)
  Arachne (Spider:4)
  Kirke (D:15)
  2 thorn hunters (Swamp:4)
  3 emperor scorpions (Spider:4)
  4 ghost moths (Spider:4)
  A stone giant (D:15)
  2 ghouls (Swamp:4)
  A dire elephant (Vaults:1)
  Nessos (D:13)
  Azrael (D:13)
  A spark wasp (Spider:4)
  2 eleionomae
  2 entropy weavers
  Josephine (Orc:2)
  A vault guard (D:13)
  10 hydras
  2 ghost crabs (Swamp:4)
  Erolcha (D:9)
  2 catoblepae
  A radroach (Spider:2)
  An ironbound frostheart (Vaults:1)
  3 alligators (Swamp:4)
  A jorogumo (Spider:1)
  A death yak (Lair:3)
  A two-headed ogre (D:12)
  A tengu warrior (D:15)
  The ghost of Nabski the Devastator, a journeyman TeFE of Vehumet (D:10)
  A spriggan berserker (Swamp:3)
  3 thrashing horrors (Lair:5)
  Sonja (Lair:2)
  8 skeletal warriors (D:15)
  Nergalle (Lair:2)
  A fire crab (shapeshifter) (D:11)
  3 goliath frogs
  A pharaoh ant (Spider:1)
  6 spriggan druids
  6 orb spiders
  A death drake (Swamp:4)
  5 swamp dragons
  4 deep trolls (Vaults:1)
  5 spriggan riders
  4 bog bodies
  A deep elf archer (D:13)
  A necromancer (IceCv)
  3 orc knights
  2 wolf spider zombies (D:15)
  2 harpies (Vaults:1)
  2 steelbarb worms
  2 wizards
  6 ugly things
  15 wolf spiders
  2 orc sorcerers (Orc:2)
  A manticore (D:15)
  3 will-o-the-wisps
  A cyclops (D:6)
  2 elephants (Lair:4)
  2 moths of wrath
  3 oklob plants
  2 black mambas
  2 torpor snails
  A smoke demon (Lair:5)
  5 demonic crawlers
  8 centaur zombies
  A gargoyle (D:13)
  An unseen horror (shapeshifter) (Gauntlet)
  12 cane toads
  A freezing wraith (IceCv)
  5 komodo dragons (Lair:5)
  4 rime drakes
  An ancient zyme (Lair:5)
  A bloated husk (Swamp:1)
  2 meliai (D:14)
  8 tyrant leeches
  A troll (D:13)
  18 hornets
  14 tarantellas
  2 nameless horrors
  10 blink frogs
  2 slime creatures (D:14)
  A jumping spider (shapeshifter) (Lair:5)
  3 fire elementals (D:13)
  15 jumping spiders
  5 wraiths
  3 wyverns (D:9)
  9 spriggans
  11 culicivoras
  18 yaks
  4 vampires
  A shadow (D:15)
  A human (D:13)
  3 hogs
  32 redbacks
  4 vampire mosquitoes
  2 basilisks
  2 death yak simulacra (IceCv)
  A warg (Orc:1)
  8 swamp worms
  A water moccasin (D:8)
  An acid dragon (D:13)
  3 hell hounds (D:13)
  8 orc warriors
  6 swamp drakes
  An elf zombie (D:13)
  5 black bears
  2 wolves (Lair:1)
  3 ogres
  A blink frog zombie (Lair:5)
  2 centaurs
  A phantom (D:5)
  4 bullfrogs
  2 hell hound zombies (D:13)
  2 gnoll sergeants
  3 scorpions
  3 wights (D:9)
  Dowan (D:4)
  2 elephant simulacra (IceCv)
  3 small abominations (Lair:5)
  14 killer bees
  2 electric eels
  5 howler monkeys
  A hound (D:4)
  3 jellies
  8 orc priests
  Ijyb (D:4)
  6 orc wizards
  A boggart zombie (D:15)
  2 polar bear simulacra (IceCv)
  A killer bee zombie (D:9)
  A wolf simulacrum (IceCv)
  2 adders (D:5)
  11 gnolls
  A naga simulacrum (IceCv)
  2 white imps
  A worm (D:2)
  42 orcs
  2 endoplasms (D:1)
  2 giant cockroaches (D:1)
  10 goblins
  6 hobgoblins
  5 kobolds
  A quokka (D:2)
  3 ball pythons
  3 bats
  3 frilled lizards (D:1)
  7 orc zombies
  3 rats
  2 briar patches (Swamp:4)
  A plant (Lair:5)
578 creatures vanquished.

Vanquished Creatures (others)
  A spectral rakshasa (Vaults:1)
  A spectral sphinx (Vaults:1)
  An angel (D:3)
  3 eleionomae
  4 hydras (Swamp:4)
  A death yak (Lair:3)
  A skeletal warrior (D:15)
  A spectral ogre (Spider:1)
  2 ghost moth zombies (Spider:4)
  A goliath frog (Swamp:4)
  A spriggan druid (Swamp:1)
  A swamp dragon (Swamp:4)
  A harpy (Vaults:1)
  2 ugly thing zombies
  8 wolf spider zombies
  An eleionoma zombie (Swamp:3)
  3 wolf spiders (Spider:4)
  Joseph (D:7)
  A torpor snail (Lair:3)
  A gargoyle (D:13)
  A spectral culicivora (Spider:2)
  22 redback zombies
  2 orb spider zombies (Spider:1)
  A komodo dragon (D:7)
  2 ice devils (IceCv)
  8 hydra zombies
  3 demonic crawler zombies (Spider:1)
  3 harpy zombies (Vaults:1)
  2 bloated husks (Swamp:1)
  4 hornets
  A moth of wrath zombie (Spider:1)
  A tarantella (Spider:4)
  A tyrant leech (Swamp:3)
  A culicivora zombie (Spider:1)
  3 tarantella zombies
  A meliai zombie (D:14)
  7 jumping spider zombies
  A great orb of eyes zombie (Vaults:1)
  A spectral entropy weaver (Spider:1)
  A black mamba zombie (Lair:5)
  2 jumping spiders (Spider:4)
  3 spectral ice devils (IceCv)
  2 yaks (D:8)
  6 spriggans
  A basilisk (D:7)
  2 humans (D:15)
  2 tyrant leech zombies
  5 spriggan zombies
  A redback (Spider:4)
  A vampire mosquito (D:15)
  A swamp worm (Swamp:4)
  2 deep troll zombies (Vaults:1)
  A spectral basilisk (Lair:5)
  An elf zombie (D:13)
  2 water moccasins (D:8)
  Duvessa (D:4)
  8 cane toad zombies
  3 swamp dragon zombies (Swamp:4)
  5 hornet zombies
  5 human zombies
  6 blink frog zombies (Lair:5)
  An ogre (D:5)
  A hog zombie (D:15)
  2 rime drake zombies (Lair:5)
  3 vampire mosquito zombies
  A torpor snail zombie (Spider:1)
  A spectral ynoxinul (Lair:5)
  A komodo dragon zombie (Lair:5)
  A hell hound zombie (D:13)
  4 bullfrogs
  A warg zombie (Orc:1)
  4 water moccasin zombies
  A tengu zombie (D:15)
  8 yak zombies
  4 wolf zombies
  4 bullfrog zombies
  2 black bear zombies (D:8)
  Crazy Yiuf (D:4)
  A scorpion zombie (D:6)
  15 killer bee zombies
  A polar bear simulacrum (IceCv)
  2 ogre zombies (D:7)
  A sky beast zombie (D:7)
  A hound zombie (D:7)
  2 spectral electric eels
  3 gnoll zombies
  2 howler monkey zombies
  2 swamp drake zombies (Swamp:4)
  A jelly zombie (D:5)
  An adder zombie (D:5)
  3 iguana zombies
  A spectral white imp (D:7)
  5 kobold zombies (D:7)
  22 orc zombies
  A spectral ufetubus (D:6)
  7 foxfires
  115 fungi
  109 plants
  9 withered plants (D:15)
506 creatures vanquished.

Grand Total: 1674 creatures vanquished

Notes
Turn   | Place    | Note
-------+----------+-------------------------------------------
     0 | D:1      | browni3141 the Naga Summoner began the quest for the Orb.
     0 | D:1      | Reached XP level 1. HP: 15/15 MP: 3/3
   260 | D:1      | Reached skill level 1 in Fighting
   472 | D:1      | Reached XP level 2. HP: 25/25 MP: 0/5
   578 | D:1      | Learned a level 2 spell: Call Imp
   829 | D:1      | Reached XP level 3. HP: 31/31 MP: 3/6
   999 | D:1      | Found a faded altar of an unknown god.
  1288 | D:2      | Reached skill level 5 in Summonings
  1299 | D:2      | Reached XP level 4. HP: 38/38 MP: 3/7
  1303 | D:2      | Learned a level 3 spell: Call Canine Familiar
  2182 | D:3      | Found Plog's Magic Scroll Shop.
  2216 | D:3      | Found a shimmering altar of Xom.
  2216 | D:3      | Noticed an angel
  2220 | D:3      | Found a glowing silver altar of Zin.
  2236 | D:3      | Bought a scroll of identify for 28 gold pieces
  2236 | D:3      | Bought a scroll of identify for 28 gold pieces
  2406 | D:3      | Reached XP level 5. HP: 37/44 MP: 2/8
  2566 | D:3      | Found Dixadu's Antique Armour Shoppe.
  2605 | D:3      | Found an ancient bone altar of Kikubaaqudgha.
  2728 | D:3      | Found Jicicrasch's Weapon Emporium.
  2762 | D:3      | Found Sakk's Distillery.
  2864 | D:3      | Learned a level 3 spell: Summon Guardian Golem
  2920 | D:3      | Found Yheing's Weapon Shoppe.
  3095 | D:3      | Killed an angel
  3116 | D:3      | Reached XP level 6. HP: 44/51 MP: 7/10
  3339 | D:4      | Noticed Ijyb
  3497 | D:4      | Noticed Robin
  3500 | D:4      | Killed Robin
  3683 | D:4      | Noticed Dowan
  3728 | D:4      | Identified the +9 quarterstaff of browni3141's Woe {vamp,
                  | *Noise rC++}
  3758 | D:4      | Reached XP level 7. HP: 42/57 MP: 6/11
  3889 | D:4      | Found a staircase to the Ecumenical Temple.
  3921 | D:4      | Noticed Duvessa
  3939 | D:4      | Killed Duvessa
  3983 | D:4      | Killed Dowan
  4190 | D:4      | Noticed Eustachio
  4201 | D:4      | Killed Eustachio
  4399 | D:4      | Found a runed translucent door.
  4400 | D:4      | Noticed Crazy Yiuf
  4420 | D:4      | Killed Crazy Yiuf
  4421 | D:4      | Reached XP level 8. HP: 64/64 MP: 4/12
  4496 | D:4      | Identified the +3 hammer "Apreral" {drain, Dex+3}
  4987 | D:4      | Killed Ijyb
  5063 | D:4      | Learned a level 4 spell: Summon Lightning Spire
  5075 | Temple   | Entered the Ecumenical Temple
  5104 | Temple   | Became a worshipper of Yredelemnul the Dark
  5142 | D:5      | Entered Level 5 of the Dungeon
  5185 | D:5      | Reached skill level 1 in Air Magic
  5228 | D:5      | Reached skill level 1 in Evocations
  5370 | D:5      | Reached skill level 5 in Staves
  5570 | D:5      | Reached * piety under Yredelemnul
  5639 | D:5      | Reached ** piety under Yredelemnul
  5868 | D:5      | Found Mohuph's Weapon Boutique.
  6072 | D:6      | Reached XP level 9. HP: 74/76 MP: 10/13
  6081 | D:6      | Noticed a red ugly thing
  6185 | D:6      | Noticed a cyclops
  6200 | D:6      | Killed a cyclops
  6298 | D:6      | Noticed a hornet
  6306 | D:6      | Killed a hornet
  6455 | D:6      | Found a shimmering altar of Xom.
  6468 | D:6      | Reached skill level 5 in Fighting
  6468 | D:6      | Reached skill level 5 in Evocations
  6495 | D:6      | Killed a red ugly thing
  6648 | D:6      | Identified the +1 robe "Xeytej" {Drain Will++ SInv}
  6729 | D:6      | Reached XP level 10. HP: 91/91 MP: 14/14
  6801 | D:6      | Reached *** piety under Yredelemnul
  6890 | D:6      | Found Facus's General Store.
  6894 | D:6      | Bought a scroll of blinking for 105 gold pieces
  6946 | D:6      | Reached **** piety under Yredelemnul
  7252 | D:7      | Noticed Menkaure
  7258 | D:7      | Killed Menkaure
  7390 | D:7      | Identified the +1 great mace of Vuryq {pain, rElec rPois
                  | Will+++ Dex-3}
  7498 | D:7      | Noticed Joseph
  7618 | D:7      | Killed Joseph
  7619 | D:7      | Reached skill level 1 in Invocations
  7802 | D:7      | Found a hide-covered altar of Uskayaw.
  7812 | D:7      | Reached skill level 4 in Stealth
  8135 | D:7      | Reached skill level 5 in Stealth
  8328 | D:7      | Reached skill level 6 in Stealth
  8331 | D:7      | Reached XP level 11. HP: 102/102 MP: 6/15
  8647 | D:8      | Found a staircase to the Lair.
  8666 | D:8      | Noticed Amaemon
  8684 | D:8      | Killed Amaemon
  8685 | D:8      | Reached skill level 7 in Stealth
  9078 | D:8      | Found Moumez's Weapon Emporium.
  9380 | D:8      | Found an opulent altar of Gozag.
  9381 | D:8      | Found a snail-covered altar of Cheibriados.
  9589 | Lair:1   | Entered Level 1 of the Lair of Beasts
  9783 | Lair:1   | Noticed a catoblepas
  9793 | Lair:1   | Killed a catoblepas
  9794 | Lair:1   | Reached skill level 8 in Stealth
  9794 | Lair:1   | Reached skill level 5 in Invocations
  9977 | Lair:1   | Reached skill level 10 in Staves
  9977 | Lair:1   | Reached XP level 12. HP: 85/112 MP: 16/16
  9998 | Lair:1   | Reached skill level 9 in Stealth
 10151 | Lair:1   | Reached ***** piety under Yredelemnul
 10152 | Lair:1   | Reached skill level 5 in Dodging
 10838 | Lair:1   | Identified the +3 quarterstaff of Myxuaph {spect, Str+2
                  | SInv}
 10840 | Lair:1   | Identified the ring "Donao" {EV+5 Str+2}
 11135 | Lair:2   | Noticed Nergalle
 11149 | Lair:2   | Killed Nergalle
 11150 | Lair:2   | Reached skill level 10 in Stealth
 11237 | Lair:2   | Found a staircase to the Swamp.
 11468 | Lair:2   | Found a hole to the Spider Nest.
 12095 | Lair:2   | Noticed Sonja
 12108 | Lair:2   | Killed Sonja
 12463 | Lair:3   | Gained mutation: You can use your snake-like lower body to
                  | constrict enemies. [Naga growth]
 12463 | Lair:3   | Reached XP level 13. HP: 122/122 MP: 19/19
 12476 | Lair:3   | Reached skill level 11 in Stealth
 12659 | Lair:3   | Reached ****** piety under Yredelemnul
 12690 | Lair:3   | Identified the +9 arbalest "Glorpo" {flame, rN+ Int+5}
 12803 | Lair:3   | Reached skill level 10 in Fighting
 14031 | Lair:4   | Found an ornate altar of the Wu Jian Council.
 14547 | Lair:5   | Entered Level 5 of the Lair of Beasts
 14564 | Lair:5   | Reached skill level 12 in Stealth
 15009 | Lair:5   | Reached skill level 10 in Invocations
 15017 | Lair:5   | Reached XP level 14. HP: 129/133 MP: 21/21
 15032 | Lair:5   | Found a staircase to the Slime Pits.
 15273 | Lair:5   | Reached skill level 10 in Summonings
 15381 | Lair:5   | Reached skill level 5 in Spellcasting
 16207 | Lair:5   | Reached skill level 13 in Stealth
 16390 | Lair:5   | Found a corrupted altar of Lugonu.
 16390 | Lair:5   | Found a one-way gate to the infinite horrors of the Abyss.
 16705 | D:9      | Found a staircase to the Orcish Mines.
 16705 | D:9      | Noticed Erica
 16724 | D:9      | Killed Erica
 16808 | D:9      | Found a huge runed translucent gate.
 16809 | D:9      | Found a huge runed translucent gate.
 16810 | D:9      | Found a huge runed translucent gate.
 16811 | D:9      | Found a huge runed translucent gate.
 16827 | D:9      | Noticed Erolcha
 16835 | D:9      | Your ally Erica died
 16835 | D:9      | Killed Erolcha
 17190 | D:9      | Identified the +0 scale mail "Tuden" {Will+}
 17474 | D:10     | Entered Level 10 of the Dungeon
 17490 | D:10     | Noticed Urug
 17502 | D:10     | Killed Urug
 17874 | D:10     | Found a shimmering altar of Xom.
 17874 | D:10     | Noticed Nabski's ghost (journeyman TeFE)
 17875 | D:10     | Found a runed translucent door.
 17910 | D:10     | Found an ornate altar of the Wu Jian Council.
 18270 | D:10     | Killed Nabski's ghost
 18364 | Orc:1    | Entered Level 1 of the Orcish Mines
 18548 | Orc:2    | Entered Level 2 of the Orcish Mines
 18548 | Orc:2    | Found a staircase to the Elven Halls.
 18586 | Orc:2    | Found Igoappy's Distillery.
 18625 | Orc:2    | Reached XP level 15. HP: 125/141 MP: 22/24
 18627 | Orc:2    | Found Nataum's Distillery.
 18793 | Orc:2    | Noticed Donald
 18804 | Orc:2    | Killed Donald
 18950 | Orc:2    | Found Atoi's Assorted Antiques.
 19118 | Orc:2    | Found Zocseh's Assorted Antiques.
 19201 | Orc:2    | Found Piliebo's Distillery.
 19208 | Orc:2    | Noticed Josephine
 19220 | Orc:2    | Killed Josephine
 19240 | Orc:2    | Noticed an orc warlord
 19257 | Orc:2    | Killed an orc warlord
 19290 | Orc:2    | Reached skill level 14 in Stealth
 19631 | Orc:2    | Found Sapninap's Antique Weapon Shoppe.
 19633 | Orc:2    | Found Heineorph's Antique Armour Emporium.
 19724 | Orc:2    | Found Gunnudat's General Store.
 20078 | Orc:2    | Bought a scroll of blinking for 157 gold pieces
 20078 | Orc:2    | Bought a runed platinum amulet for 105 gold pieces
 20086 | Orc:2    | Bought a creamy pearl robe for 119 gold pieces
 20086 | Orc:2    | Identified the +1 robe of the Apprentice {Harm rF- Str-5
                  | Dex+6} (You bought it in a shop on level 2 of the Orcish
                  | Mines)
 20569 | Orc:2    | Bought a purple potion for 18 gold pieces
 20627 | Orc:2    | Bought a potion of haste for 110 gold pieces
 20627 | Orc:2    | Bought a potion of heal wounds for 55 gold pieces
 20627 | Orc:2    | Bought a potion of curing for 33 gold pieces
 20627 | Orc:2    | Bought a potion of brilliance for 44 gold pieces
 20627 | Orc:2    | Bought a potion of curing for 33 gold pieces
 20640 | Orc:2    | Bought a potion of heal wounds for 70 gold pieces
 20640 | Orc:2    | Bought a potion of might for 56 gold pieces
 20640 | Orc:2    | Bought a potion of brilliance for 56 gold pieces
 20640 | Orc:2    | Bought a potion of ambrosia for 112 gold pieces
 20640 | Orc:2    | Bought a potion of haste for 140 gold pieces
 20640 | Orc:2    | Bought a potion of brilliance for 56 gold pieces
 20640 | Orc:2    | Bought a potion of berserk rage for 70 gold pieces
 20640 | Orc:2    | Bought a potion of degeneration for 14 gold pieces
 20660 | Orc:2    | Bought a potion of haste for 150 gold pieces
 20660 | Orc:2    | Bought a scroll of teleportation for 45 gold pieces
 20660 | Orc:2    | Bought 2 potions of curing for 90 gold pieces
 20660 | Orc:2    | Bought a scroll of blinking for 112 gold pieces
 20701 | Orc:2    | Bought a potion of curing for 33 gold pieces
 20701 | Orc:2    | Bought a potion of haste for 110 gold pieces
 20701 | Orc:2    | Bought 2 potions of flight for 66 gold pieces
 20701 | Orc:2    | Bought a potion of brilliance for 44 gold pieces
 20701 | Orc:2    | Bought a potion of heal wounds for 55 gold pieces
 20701 | Orc:2    | Bought a potion of curing for 33 gold pieces
 20701 | Orc:2    | Bought a potion of haste for 110 gold pieces
 20737 | Elf:1    | Entered Level 1 of the Elven Halls
 20739 | Elf:1    | Noticed a deep elf sorcerer
 21089 | Spider:1 | Entered Level 1 of the Spider Nest
 21693 | Spider:1 | Noticed an emperor scorpion
 23260 | Spider:2 | Identified the +1 falchion "Salonigg" {spect, Int+5}
 23265 | Spider:2 | Learned a level 3 spell: Swiftness
 23274 | Spider:2 | Learned a level 8 spell: Summon Horrible Things
 23406 | Spider:2 | Reached XP level 16. HP: 152/152 MP: 26/26
 24356 | Spider:2 | Reached skill level 15 in Stealth
 25364 | Spider:3 | Noticed Mara
 25395 | Spider:3 | Noticed Nikola
 25693 | Spider:3 | Killed Nikola
 25923 | Spider:3 | Identified the amulet of Xaisin {Spirit Str+4}
 26006 | Spider:3 | Noticed browni3141's illusion
 26011 | Spider:3 | Killed Mara
 26011 | Spider:3 | Enslaved Mara
 26242 | Spider:4 | Entered Level 4 of the Spider Nest
 26351 | Spider:4 | Noticed Arachne
 26361 | Spider:4 | Killed Arachne
 27552 | Spider:4 | Got a gossamer rune of Zot
 27963 | Swamp:1  | Entered Level 1 of the Swamp
 28014 | Swamp:1  | Reached XP level 17. HP: 54/162 MP: 29/29
 28507 | Swamp:1  | Reached skill level 16 in Stealth
 28751 | Swamp:1  | You fall into a shaft and drop 1 floor!
 29535 | Swamp:1  | Identified the amulet "Qibb" {RegenMP Harm Str+6}
 30866 | Swamp:4  | Entered Level 4 of the Swamp
 31632 | Swamp:4  | Got a decaying rune of Zot
 32236 | D:11     | Reached skill level 17 in Stealth
 32286 | D:11     | Reached XP level 18. HP: 171/171 MP: 30/30
 32290 | D:11     | Found a gate leading to a gauntlet.
 32295 | Gauntlet | Entered a Gauntlet
 32295 | Gauntlet | Found a transporter.
 32295 | Gauntlet | Found a transporter.
 32297 | Gauntlet | Found a transporter.
 32299 | Gauntlet | Found a transporter.
 32313 | Gauntlet | Found a transporter.
 32317 | Gauntlet | Found a transporter.
 32331 | Gauntlet | Found a transporter.
 32352 | Gauntlet | Found a transporter.
 32369 | Gauntlet | Found a transporter.
 32373 | Gauntlet | Found a transporter.
 32385 | Gauntlet | Found a transporter.
 32387 | Gauntlet | Found a transporter.
 32476 | Gauntlet | Identified the ring "Gopha" {rElec rC+ MP+9 Int+3 Stlth+}
 32509 | Gauntlet | Identified the ring "Alaopp" {rPois rF- Str+2 SInv}
 32525 | Gauntlet | Identified the ring "Iqaggua" {rN+ MP-9 Str+6 SInv}
 32545 | Gauntlet | Reached skill level 15 in Summonings
 32555 | Gauntlet | Identified the +2 tower shield of the Trombone {Slay+2}
 32555 | Gauntlet | Identified the +7 plate armour "Geat" {*Corrode rPois
                  | Stlth+}
 32600 | D:11     | Found a frozen archway.
 32611 | IceCv    | Entered an ice cave
 33034 | IceCv    | Identified the +10 short sword "Keabuqu" {protect, rF+}
 33116 | IceCv    | Found an ancient bone altar of Kikubaaqudgha.
 34105 | IceCv    | Got the Octavo of the Twisted Glacier
 35203 | D:12     | Found Byxkiruon's General Store.
 35908 | D:12     | Bought a scroll of enchant armour for 97 gold pieces
 36875 | D:13     | Noticed Azrael
 36888 | D:13     | Killed Azrael
 36989 | D:13     | Found a runed translucent gate.
 36989 | D:13     | Found a runed translucent gate.
 36989 | D:13     | Found a runed translucent gate.
 36989 | D:13     | Noticed sokol815's ghost (journeyman DgFi)
 36991 | D:13     | Found a basalt altar of Yredelemnul.
 37025 | D:13     | Killed sokol815's ghost
 37309 | D:13     | Noticed Nessos
 37326 | D:13     | Killed Nessos
 37777 | D:13     | Found a gate to the Vaults.
 38388 | D:14     | Identified the +0 leather armour of Duck's Teeth {rElec rF+
                  | Dex+2}
 38505 | D:15     | Entered Level 15 of the Dungeon
 38665 | D:15     | Reached skill level 10 in Dodging
 38863 | D:15     | Found a staircase to the Depths.
 38972 | D:15     | Noticed Kirke
 38982 | D:15     | Killed Kirke
 39544 | D:15     | Reached skill level 18 in Stealth
 39912 | Vaults:1 | Entered Level 1 of the Vaults
 40218 | Vaults:1 | Your ally Mara died
 40268 | Vaults:1 | Reached XP level 19. HP: 181/181 MP: 32/32
 40762 | Vaults:1 | Slain by a war gargoyle

Illustrated notes

Levels and vault maps discovered:
D:1:      minmay_arrival_plants_in_alcoves, layout_loops_corners,
          basic_ecumenical_altar, minmay_pentomino_x4
D:2:      layout_loops_ring, grunt_decor_clamped
D:3:      cheibrodos_greedy_goblins, layout_basic,
          grunt_temple_overflow_order_and_chaos_1,
          mainiacjoe_overflow_six_doors_small, serial_shops,
          nicolae_lakefront_shop, nicolae_shop_hallway_plus,
          nicolae_shop_temple_entry_statues_fountains, shop,
          nicolae_shop_crystal, kennysheep_generic_room_9
D:4:      layout_basic, minmay_temple_entry_glassed_door,
          minmay_misc_feat_ornament, uniq_crazy_yiuf_cottage, uniq_robin,
          uniq_eustachio, uniq_duvessa, uniq_ijyb
D:5:      layout_loops_cross, serial_shops, nicolae_shop_bloodbath_and_beyond,
          item_on_display_a
D:6:      minmay_opposing_rooms, layout_cave_pods, serial_shops,
          nicolae_diamond_shop, hangedman_decor_lopped, minmay_ruined_shrine
D:7:      kennysheep_windowed_halls, layout_basic, nicolae_uskayaw_dance_studio,
          uniq_joseph, uniq_menkaure
D:8:      layout_cave_pods, grunt_temple_overflow_open,
          due_lair_maze_entry_diamond, serial_shops, nicolae_shop_trees,
          uniq_amaemon
D:9:      lemuel_bear_cage, layout_basic, david_orc_3, special_room
          [special_room_bee], uniq_erica, uniq_erolcha
D:10:     layout_loops_ring, mainiacjoe_overflow_catwalk, ebering_ghost_xom,
          kennysheep_potato, uniq_urug
D:11:     layout_layer_cave, portal_ice_cave_rime, gauntlet_entry_generic
D:12:     layout_stronghold, serial_shops, nicolae_shop_statue_plus
D:13:     layout_long_grid, grunt_vaults_entry_fortified,
          nicolae_yredelemnul_ghost_church, uniq_nessos, uniq_azrael
D:14:     layout_roguey, minmay_staircase_statues
D:15:     grunt_enter_depths_giant_problem, layout_long_grid,
          hangedman_abyss_or_decor_clamps, serial_undead, serial_undead_d,
          serial_undead_e, serial_undead_d, serial_undead_e, serial_undead_d,
          serial_undead_f, serial_undead_d, serial_undead_c, serial_undead_b,
          serial_undead_e, uniq_kirke
Temple:   hellmonk_temple_of_storms
Lair:1:   statuecave_lemuel, layout_hall_layers, beast_lair_carwin_7,
          lemuel_fruit_tree
Lair:2:   layout_cave_pods, swamp_mist, spider_nest_entry_a, grunt_megastairs_5,
          uniq_nergalle, uniq_sonja
Lair:3:   layout_loops_ring, nicolae_lair_grove_arrangements
Lair:4:   layout_cave_pods, lemuel_centaur_altar
Lair:5:   hellmonk_lair_end_abyssal_woods, layout_gridlike, slime_entry_1,
          hibernation_bobbens, infiniplex_staircase_pool_2
Swamp:1:  layout_basic_swamp, evilmike_swamp_ruin_house_4
Swamp:2:  layout_basic_swamp, nicolae_swamp_tree_isthmus, swamp_pool3
Swamp:3:  layout_falls_marsh, evilmike_swamp_ruin_house_5
Swamp:4:  swamp, layout_basic_swamp
Spider:1: spider_temple_joshua, hangedman_spider_trapstep
Spider:2: layout_chambers, hellmonk_test_site
Spider:3: layout_spider_delve, uniq_mara, uniq_nikola
Spider:4: spider_rune_water, uniq_arachne
Orc:1:    layout_caves, mines4_lemuel
Orc:2:    grunt_orc_community_town_hall, layout_diamond_mine,
          grunt_orc_community_big_house_2, grunt_orc_community_big_house_1,
          grunt_orc_community_house_2, grunt_orc_community_house_1,
          grunt_orc_community_house_1, grunt_orc_community_house_1,
          grunt_orc_community_house_3, grunt_orc_community_house_2,
          serial_shops, nicolae_shop_statue_plus, shop, nicolae_lakefront_shop,
          shop, nicolae_orc_lava_tube, uniq_josephine, uniq_donald
Elf:1:    layout_rooms, minmay_elf_necromancy, dreamdust_princess_bridge
Vaults:1: nicolae_vaults_circle_grid_b, st_hourglassy,
          nicolae_vaults_network_quinsquares
          [nicolae_vaults_network_quincunx_subvault,
          nicolae_vaults_network_quincunx_subvault,
          nicolae_vaults_network_quincunx_subvault,
          nicolae_vaults_network_quincunx_subvault], vaults_dpeg_hooks,
          nicolae_vaults_shelves_hall, hangedman_vaults_stitches,
          vaults_room_door_ring, hangedman_vaults_corner, vaults_mumra_hex,
          hangedman_vaults_locks, ontoclasm_vaults_ring_square,
          nicolae_vaults_little_squares_1, v_misc_3, layout_vaults_omnibox

Skill      XL: |  1  2  3  4  5  6  7  8  9 10 11 12 13 14 15 16 17 18 19 |
---------------+----------------------------------------------------------+-----
Fighting       | 1 3 6 7 8 9 10 11 12 13 | 13.8
Summonings     | 5 6 7 8 9 11 12 13 14 16 | 16.2
Spellcasting   | 3 4 6 7 8 9 |  9.8
Staves         | 4 5 7 9 10 11 12 13 14 | 14.0
Air Magic      | 3 |  3.0
Evocations     | 3 5 |  5.0
Invocations    | 3 6 9 10 11 12 13 14 | 14.0
Dodging        | 3 4 5 6 7 8 9 10 | 10.3
Stealth        | 6 8 10 12 13 14 15 17 18 | 18.2

Action                     |  1- 3 |  4- 6 |  7- 9 | 10-12 | 13-15 | 16-18 | 19-21 || total
---------------------------+-------+-------+-------+-------+-------+-------+-------++-------
  Melee: Unarmed           |     1 |       |       |       |       |       |       ||     1
         Dagger            |       |     4 |       |       |       |       |       ||     4
         War axe           |       |    20 |       |       |       |       |       ||    20
         Quarterstaff      |       |     4 |   125 |   389 |   789 |   885 |    76 ||  2268
         Constrict         |       |       |       |       |   195 |   171 |     9 ||   375
   Fire: Arbalest          |       |       |       |       |     3 |       |       ||     3
   Cast: Summon Small Mamm |    17 |     1 |       |       |       |       |       ||    18
         Call Imp          |     6 |     7 |     3 |     3 |       |       |       ||    19
         Call Canine Famil |       |    25 |    16 |    19 |    15 |     6 |       ||    81
         Summon Guardian G |       |       |     7 |     9 |     2 |     2 |       ||    20
         Summon Lightning  |       |       |     2 |    13 |    15 |    10 |       ||    40
         Swiftness         |       |       |       |       |       |     1 |       ||     1
         Summon Horrible T |       |       |       |       |       |       |     1 ||     1
 Invoke: Recall Undead Har |       |       |       |     2 |    10 |    14 |     3 ||    29
         Bind Soul         |       |       |       |     1 |     3 |     4 |     1 ||     9
         Dark Bargain      |       |       |       |     1 |     3 |     7 |       ||    11
         Drain Life        |       |       |       |       |     2 |     4 |     1 ||     7
Ability: Spit Poison       |    16 |    16 |     4 |     4 |     2 |     1 |       ||    43
  Evoke: Wand              |       |    15 |     5 |     8 |       |    15 |       ||    43
         Phantom mirror    |       |       |       |       |       |     2 |       ||     2
    Use: Scroll            |     2 |     5 |     6 |     5 |     6 |     7 |     3 ||    34
         Potion            |       |       |       |       |     3 |     9 |     5 ||    17
   Stab: Sleeping          |       |     2 |     5 |     4 |    10 |    22 |       ||    43
         Paralysed         |       |       |     7 |       |     1 |       |       ||     8
         Distracted        |       |       |     1 |     5 |    16 |    22 |     1 ||    45
         Petrified         |       |       |       |     3 |    87 |       |       ||    90
         Petrifying        |       |       |       |     2 |    14 |       |       ||    16
 Armour: Robe              |     9 |    15 |    56 |   148 |   245 |   331 |    63 ||   867
  Dodge: Dodged            |    10 |    34 |    60 |   228 |   682 |   733 |    91 ||  1838

Table legend: (Time is in decaauts)
 A = Elapsed time spent in this place.
 B = Non-inter-level travel time spent in this place.
 C = Inter-level travel time spent in this place.
 D = Time resting spent in this place.
 E = Time spent auto-exploring this place.
 F = Levels seen in this place.
 G = Mean time per level.
                   A        B        C        D        E       F      G
               +--------+--------+--------+--------+--------+-----+--------+
         Total |  49464 |  45996 |   3468 |   6084 |  31205 |  35 | 1413.3 |
       Dungeon |  21326 |  20008 |   1318 |   1039 |  15411 |  15 | 1421.7 |
        Temple |     68 |     42 |     26 |      0 |     16 |   1 |   68.0 |
          Lair |   9038 |   8175 |    863 |    721 |   5837 |   5 | 1807.6 |
         Swamp |   4771 |   4554 |    217 |   1667 |   2299 |   4 | 1192.8 |
   Spider Nest |   8141 |   7592 |    549 |   1683 |   4536 |   4 | 2035.2 |
  Orcish Mines |   3192 |   2721 |    471 |    303 |   1954 |   2 | 1596.0 |
   Elven Halls |     37 |     37 |      0 |      0 |      0 |   1 |   37.0 |
        Vaults |    867 |    847 |     20 |    283 |    369 |   1 |  867.0 |
      Ice Cave |   1694 |   1694 |      0 |    381 |    779 |   1 | 1694.0 |
      Gauntlet |    326 |    326 |      0 |      5 |      0 |   1 |  326.0 |
               +--------+--------+--------+--------+--------+-----+--------+

Top non-repeatable levels by time:
Spider:1: 2568 daAuts
   Orc:2: 2417 daAuts
  Lair:5: 2383 daAuts
     D:4: 2324 daAuts
Spider:2: 2255 daAuts
  Lair:2: 2118 daAuts
    D:13: 1875 daAuts
Spider:4: 1787 daAuts
     D:7: 1753 daAuts
  Lair:1: 1733 daAuts
   IceCv: 1694 daAuts
  Lair:4: 1654 daAuts
     D:1: 1581 daAuts
Spider:3: 1530 daAuts
     D:6: 1501 daAuts
